 Dungeon Sprint DCSS version 0.20.1-1-g8b1a95d (webtiles) character file.

12311 KingStallion the Warrior (level 11, -6/106 HPs)
             Began as a Barachi Berserker on Oct 24, 2017.
             Was the Champion of Trog.
             Blown up by an eye of devastation (50 damage)
             ... with a bolt of energy
             ... in the Dungeon (Sprint V: "Ziggurat Sprint").
             The game lasted 00:03:44 (244 turns).

KingStallion the Warrior (Barachi Berserker)         Turns: 244, Time: 00:03:45

Health: -6/106     AC: 27    Str: 34      XL:     11   Next: 91%
Magic:  0/12       EV:  5    Int:  7      God:    Trog [******]
Gold:   0          SH: 28    Dex: 11 (12) Spells: 11/11 levels left

rFire    . . .     SeeInvis .   a - +6 shillelagh "Devastator" {shatter}
rCold    x . .     Gourm    .   C - +18 shield of the Gong {rElec rN+ MR+ EV-5}
rNeg     + . .     Faith    .   B - +15 Maxwell's patent armour {-Cast -Tele rElec MR+ rCorr}
rPois    +         Spirit   +   (no helmet)
rElec    +         Reflect  .   E - +1 cloak of Beauty {rPois rC- MR+ Slay+3}
rCorr    +         Harm     .   (no gloves)
MR       +++..     NoTele   +   (no boots) Stlth ..........NoCast +
                                O - amulet of guardian spirit
Regen    0.3/turn               F - +6 ring of strength
MPRegen  0.2/turn               G - +6 ring of strength

@: can't hop, slow
A: +LOS, swims, deformed body, deterioration 1, slowness 1, strong legs 1
a: Hop, Berserk, Trog's Hand, Brothers in Arms, Burn Spellbooks, Renounce
Religion


You were in the Dungeon.
You worshipped Trog.
Trog was exalted by your worship.
You were not hungry.

You visited 1 branch

Inventory:

Hand Weapons
 a - the +6 shillelagh "Devastator" (weapon) {shatter}
   (You found it in the Dungeon)
 b - the +9 sword of Zonguldrok {reap}
   (You found it in the Dungeon)

   If a monster killed with it leaves a corpse in good enough shape, the corpse
   will be animated as a zombie friendly to the killer.
Missiles
 m - 8 exploding tomahawks
 P - 8 silver javelins (quivered)
Armour
 B - the +15 Maxwell's patent armour (worn) {-Cast -Tele rElec MR+ rCorr}
   (You found it in the Dungeon)

   It insulates you from electricity.
   It affects your resistance to hostile enchantments.
   It prevents spellcasting.
   It prevents most forms of teleportation.
   It protects you from acid and corrosion.
 C - the +18 shield of the Gong (worn) {rElec rN+ MR+ EV-5}
   (You found it in the Dungeon)

   It affects your evasion (-5).
   It insulates you from electricity.
   It protects you from negative energy.
   It affects your resistance to hostile enchantments.
 E - the +1 cloak of Beauty (worn) {rPois rC- MR+ Slay+3}
   (You found it in the Dungeon)

   It affects your accuracy and damage with ranged weapons and melee attacks
   (+3).
   It makes you vulnerable to cold.
   It protects you from poison.
   It affects your resistance to hostile enchantments.
Jewellery
 F - a +6 ring of strength (left hand)
 G - a +6 ring of strength (right hand)
 H - the ring of the Insatiable Princes {rN+++ MP+9 Str-4 Dex+2 Stlth-}
   (You found it in the Dungeon)

   [ring of magical power]

   It affects your strength (-4).
   It affects your dexterity (+2).
   It renders you almost immune to negative energy.
   It affects your magic capacity (+9).
   It makes you less stealthy.
 O - an amulet of guardian spirit (around neck)
Wands
 x - a wand of disintegration (7/24)
 y - a wand of iceblast (4/15)
 z - a wand of lightning (5/15)
 A - a wand of acid (5/15)
Scrolls
 i - 4 scrolls of blinking
 p - 3 scrolls of recharging
 q - 7 scrolls of fog
 s - 5 scrolls of identify
 t - 5 scrolls of remove curse
 u - 2 scrolls of fear
Potions
 d - 10 potions of curing
 e - 10 potions of heal wounds
 f - 6 potions of haste
 g - 7 potions of magic
 h - 3 potions of berserk rage
 j - 2 potions of brilliance
 k - 2 potions of invisibility
 l - 4 potions of resistance
 n - 5 potions of agility
 o - 6 potions of might
Books
 r - a book of Frost

   Spells                             Type                      Level
   a - Freeze                         Ice                          1
   b - Throw Frost                    Conjuration/Ice              2
   c - Ozocubu's Armour               Charms/Ice                   3
   d - Throw Icicle                   Conjuration/Ice              4
   e - Summon Ice Beast               Ice/Summoning                4
   Trog disapproves of the use of such an item.
 I - a book of Summonings

   Spells                             Type                      Level
   a - Recall                         Summoning/Translocation      3
   b - Aura of Abjuration             Summoning                    5
   c - Summon Demon                   Summoning                    5
   d - Summon Forest                  Summoning/Translocation      5
   e - Summon Mana Viper              Hexes/Summoning              5
   f - Shadow Creatures               Summoning                    6
   Trog disapproves of the use of such an item.
 N - a book of Death

   Spells                             Type                      Level
   a - Corpse Rot                     Necromancy                   2
   b - Sublimation of Blood           Necromancy                   2
   c - Agony                          Necromancy                   5
   d - Dispel Undead                  Necromancy                   5
   e - Excruciating Wounds            Charms/Necromancy            5
   f - Bolt of Draining               Conjuration/Necromancy       5
   Trog disapproves of the use of such an item.
 Q - the Disquisition on the Congealing Escort
   (You found it in the Dungeon)

   Spells                             Type                      Level
   a - Summon Guardian Golem          Hexes/Summoning              3
   b - Summon Ice Beast               Ice/Summoning                4
   c - Spellforged Servitor           Conjuration/Summoning        7
   Trog disapproves of the use of such an item.
Miscellaneous
 D - a phantom mirror
 J - a phial of floods
 K - a sack of spiders
 L - a lamp of fire
 M - a box of beasts
Comestibles
 c - 5 bread rations
 v - 42 fruits
 w - 4 meat rations


   Skills:
 * Level 16.8 Fighting
 + Level 1.2 Long Blades
 * Level 16.5 Maces & Flails
 * Level 8.8 Throwing
 * Level 10.5 Armour
 * Level 9.2 Dodging
 + Level 1.0 Stealth
 + Level 3.6 Shields
 + Level 1.0 Unarmed Combat
 + Level 0.8 Spellcasting
 + Level 2.1 Evocations


You had 11 spell levels left.
You didn't know any spells.

Dungeon Overview and Level Annotations

Branches:
Dungeon (1/1)

Altars:
Ashenzari
Cheibriados
Dithmenos
Elyvilon
Fedhas
Gozag
Hepliaklqana
Kikubaaqudgha
Makhleb
Nemelex Xobeh
Okawaru
Qazlal
Ru
Sif Muna
Trog
Uskayaw
Vehumet
Xom
Yredelemnul
Zin
The Shining One
Beogh
Jiyva
Lugonu

Annotations:
D 1 transporter


Innate Abilities, Weirdness & Mutations

Shadows flee at your approach. (+LOS)
You can swim through water.
You cover ground slowly.
You can hop short distances.
Armour fits poorly on your strangely shaped body.
Your body sometimes deteriorates upon taking damage.


Message History

4 jellies, an eye of draining, a shining eye and 2 eyes of devastation come into view.
The shining eye turns its gaze towards you.
The jelly quivers.
The eye of draining turns its gaze towards you.
The eye of devastation turns its gaze towards you.
The ooze quivers.
The eye of devastation gazes at you. The bolt of energy hits you!
Your body deteriorates!
You feel clumsy. The eye of devastation gazes at you.
The bolt of energy hits you! The eye of draining gazes at you.
You feel your power leaking away.
Found seven items.
Found a transporter.
Hop to where?
Press: ? - help, Dir - move target cursor Boing!
The eye of devastation gazes at you. The bolt of energy hits you!
You die...

▓.........▓.......▓
▓...††....▓...)...▓
▓.▓.)†..▓.▓.▓...▓.▓
▓.........▓.......▓
▓▓▓▓▓▓▓▓▓▓▓▓▓▓▓▓▓▓▓
▓...8©8...▓..8©8..▓
▓..|[")G..▓..=.)..▓
▓..GGG|...▓....[..▓
▓.@.J.J...▓..)....▓
▓...JJ....▓.......▓
▓.........▓.......▓
▓.........▓.......▓
▓.▓.....▓.▓.▓.(.▓.▓
▓....§....▓.......▓
▓▓▓▓▓▓▓▓▓▓▓▓▓▓▓▓▓▓▓


You could see a shining eye, 2 eyes of devastation, an eye of draining, 2
jellies and 2 oozes.

Vanquished Creatures
  A pandemonium lord (D)
  A shining eye (D)
  An ugly thing (D)
  A komodo dragon (D)
  A red devil (D)
  A slime creature (D)
  A yak (D)
  An ushabti (D)
  A hog (shapeshifter) (D)
  A steam dragon (shapeshifter) (D)
  A chaos spawn (D)
  A naga (D)
  2 water moccasins (D)
  A porcupine (D)
  An eye of draining (D)
  A bullfrog (D)
  2 quasits (D)
  3 jellies (D)
  An iron imp (D)
  3 mummies (D)
  2 adders (D)
  A shadow imp (D)
  An ooze (D)
  6 ball pythons (D)
  A jackal (D)
37 creatures vanquished.

Notes
Turn   | Place    | Note
-------+----------+-------------------------------------------
     0 | D        | KingStallion the Barachi Berserker began the quest for the Orb.
     0 | D        | Reached XP level 1. HP: 18/18 MP: 1/1
     1 | D        | Found a transporter.
     1 | D        | Found an ancient bone altar of Kikubaaqudgha.
     1 | D        | Found a viscous altar of Jiyva.
     1 | D        | Found a corrupted altar of Lugonu.
     1 | D        | Found a hazy altar of Hepliaklqana.
     1 | D        | Found a burning altar of Makhleb.
     1 | D        | Found an opulent altar of Gozag.
    54 | D        | Entered arena 2.
    54 | D        | Noticed an iron imp
    54 | D        | Noticed a shining eye
    54 | D        | Found a transporter.
    57 | D        | Killed an iron imp
    57 | D        | Reached skill level 5 in Fighting
    57 | D        | Reached skill level 1 in Throwing
    57 | D        | Reached XP level 2. HP: 28/28 MP: 2/2
    57 | D        | Reached XP level 3. HP: 34/34 MP: 3/3
    57 | D        | Gained mutation: Armour fits poorly on your strangely shaped body. [a shining eye]
    58 | D        | Gained mutation: Your body sometimes deteriorates upon taking damage. [a shining eye]
    60 | D        | Killed a shining eye
    60 | D        | Reached skill level 10 in Fighting
    60 | D        | Reached skill level 5 in Dodging
    60 | D        | Reached skill level 1 in Evocations
    60 | D        | Reached XP level 4. HP: 49/49 MP: 4/4
    60 | D        | Reached XP level 5. HP: 54/54 MP: 5/5
    60 | D        | Reached XP level 6. HP: 61/61 MP: 6/6
    60 | D        | Reached XP level 7. HP: 67/67 MP: 7/7
    69 | D        | Entered arena 3.
    69 | D        | Noticed a brown ugly thing
    69 | D        | Noticed a hog
    69 | D        | Noticed a steam dragon
    69 | D        | Found a transporter.
    75 | D        | Killed a steam dragon
    75 | D        | Reached ** piety under Trog
    75 | D        | Reached skill level 10 in Maces & Flails
    78 | D        | Killed a brown ugly thing
    78 | D        | Reached skill level 5 in Throwing
    78 | D        | Reached XP level 8. HP: 68/78 MP: 8/8
    84 | D        | Got the +1 cloak of Beauty {rPois rC- MR+ Slay+3}
    92 | D        | Got the ring of the Insatiable Princes {rN+++ MP+9 Str-4 Dex+2 Stlth-}
    95 | D        | Entered arena 4.
    95 | D        | Noticed an ushabti
    95 | D        | Found a transporter.
    98 | D        | Reached *** piety under Trog
    99 | D        | Killed an ushabti
   112 | D        | Entered arena 5.
   112 | D        | Found a transporter.
   114 | D        | Reached **** piety under Trog
   114 | D        | Received a gift from Trog
   128 | D        | Entered arena 6.
   128 | D        | Found a transporter.
   131 | D        | Received a gift from Trog
   131 | D        | Reached ***** piety under Trog
   146 | D        | Entered arena 7.
   146 | D        | Noticed a slime creature
   146 | D        | Found a transporter.
   150 | D        | Killed a slime creature
   150 | D        | Received a gift from Trog
   150 | D        | Reached skill level 1 in Shields
   151 | D        | Reached XP level 9. HP: 73/85 MP: 10/10
   174 | D        | Entered arena 8.
   174 | D        | Noticed a red devil
   174 | D        | Noticed Unaonluch the pandemonium lord
   174 | D        | Found a transporter.
   175 | D        | Noticed a rust devil
   176 | D        | Killed a red devil
   176 | D        | Received a gift from Trog
   181 | D        | Noticed a sixfirhy
   181 | D        | Noticed a soul eater
   183 | D        | Killed Unaonluch the pandemonium lord
   183 | D        | Received a gift from Trog
   183 | D        | Reached skill level 10 in Armour
   183 | D        | Reached XP level 10. HP: 99/99 MP: 11/11
   214 | D        | Reached skill level 1 in Long Blades
   214 | D        | Reached skill level 1 in Stealth
   214 | D        | Reached skill level 1 in Unarmed Combat
   214 | D        | Reached XP level 11. HP: 105/105 MP: 3/12
   215 | D        | Entered arena 9.
   215 | D        | Found a transporter.
   220 | D        | Received a gift from Trog
   220 | D        | Reached ****** piety under Trog
   221 | D        | Received a gift from Trog
   234 | D        | Identified the Disquisition on the Congealing Escort
   243 | D        | Entered arena 10.
   243 | D        | Noticed a shining eye
   243 | D        | Found a transporter.
   244 | D        | Blown up by an eye of devastation

Skill      XL: |  1  2  3  4  5  6  7  8  9 10 |
---------------+-------------------------------+-----
Fighting       | 5 10 12 13 16 | 16.8
Maces & Flails | 4 9 11 12 16 | 16.5
Throwing       | 1 4 5 6 8 |  8.8
Armour         | 3 6 7 8 10 | 10.5
Dodging        | 5 6 7 8 9 |  9.2
Evocations     | 1 2 |  2.1
Shields        | 1 3 |  3.6
Long Blades    | 1 |  1.2
Stealth        | 1 |  1.0
Unarmed Combat | 1 |  1.0
Spellcasting   | |  0.8

Action                   |  1- 3 |  4- 6 |  7- 9 | 10-12 || total
-------------------------+-------+-------+-------+-------++-------
Melee: Shillelagh        |     5 |       |    32 |     4 ||    41
Invok: Berserk           |       |       |     1 |       ||     1
       Trog's Hand       |       |       |     1 |       ||     1
 Abil: Hop               |       |       |       |     1 ||     1
Evoke: Wand              |     1 |       |       |       ||     1
  Use: Scroll            |       |       |     1 |       ||     1
       Potion            |       |       |       |     1 ||     1
Armor: Plate armour      |       |       |     6 |     1 ||     7
Dodge: Dodged            |       |       |     2 |       ||     2
Block: Shield            |       |       |    24 |     7 ||    31
